Map: Acropolis LE

Players

Harstem - Winner!

  • Race: Protoss Protoss
  • League: Grandmaster
  • Spawn Location: 5:00

A.I. 1 (Very Easy)

  • Race: Terran Terran
  • Spawn Location: 11:00

VOD

Have the link to the VOD?

Description

Time

  • Played on: Nov. 10, 2019, 4:33 p.m.
  • Length: 6:40
Show
View Real Time Build Order
Export as new Build Order

Harstem Protoss - Winner!

Build Orders: 1 Gate Expand, Dark Templar Rush 

Get SALT Encoding   

  12  0:04  Probe  
  13  0:16  Probe  
  13  0:20  Pylon  
  14  0:28  Probe (Chrono Boost)  
  15  0:39  Gateway  
  15  0:40  Probe (Chrono Boost)  
  16  0:48  Probe (Chrono Boost)  
  16  0:49  Assimilator  
  17  0:54  Probe  
  18  1:06  Probe  
  19  1:18  Probe  
  19  1:25  Nexus  
  20  1:33  Cybernetics Core  
  20  1:38  Probe  
  21  1:41  Assimilator  
  21  1:50  Probe  
  21  1:53  Pylon  
  22  2:02  Probe  
  23  2:11  Adept (Chrono Boost)  
  23  2:12  Warp Gate  
  23  2:14  Probe  
  26  2:22  Twilight Council  
  26  2:26  Probe (Chrono Boost)  
  27  2:37  Probe (Chrono Boost)  
  27  2:38  Probe (Chrono Boost)  
  29  2:46  Probe (Chrono Boost)  
  29  2:47  Robotics Facility, Probe (Chrono Boost)  
  31  2:51  Probe (Chrono Boost)  
  31  2:52  Probe  
  33  3:03  Probe  
  33  3:05  Probe  
  35  3:09  Dark Shrine  
  35  3:13  Gateway  
  35  3:16  Probe  
  35  3:19  Gateway  
  36  3:20  Probe  
  37  3:28  Probe  
  37  3:30  Warp Prism (Chrono Boost)  
  37  3:32  Probe  
  41  3:38  Stalker  
  43  3:41  Probe  
  44  3:49  Assimilator  
  44  3:50  Pylon  
  44  3:52  Probe  
  44  3:54  Pylon, Probe  
  46  4:08  Pylon, Probe x2  
  48  4:20  Probe x2  
  48  4:21  Dark Templar x2  
  48  4:22  Dark Templar  
  56  4:39  Probe x2  
  56  4:40  Charge  
  56  4:43  Nexus, Forge  
  58  4:46  Pylon  
  58  4:53  Probe  
  58  4:54  Probe  
  60  5:03  Gateway  
  60  5:05  Gateway, Probe  
  61  5:09  Gateway  
  61  5:10  Sentry  
  61  5:12  Observer (Chrono Boost), Probe  
  65  5:17  Probe  
  66  5:24  Gateway  
  66  5:25  Probe  
  66  5:27  Gateway  
  67  5:31  Zealot x2  
  67  5:32  Probe  
  67  5:34  Observer  
  73  5:39  Zealot  
  73  5:41  Pylon  
  76  5:43  Pylon  
  76  5:45  Pylon  
  76  5:46  Probe  
  76  5:53  Zealot  
  76  5:55  Probe  
  80  6:02  Zealot x3  
  80  6:03  Sentry  
  87  6:04  Zealot  
  89  6:13  Zealot  
  89  6:14  Pylon  
  89  6:17  Pylon  
  89  6:18  Pylon  
  92  6:22  Zealot x2  
  92  6:23  Zealot  
  92  6:24  Zealot  
  100  6:25  Sentry  
  100  6:29  Zealot x2  
  106  6:37  Zealot  
  108  6:38  Pylon  
Show
View Real Time Build Order
Export as new Build Order

A.I. 1 (Very Easy) Terran 

Build Orders:  

Get SALT Encoding   

  12  0:00  SCV  
  13  0:13  SCV  
  14  0:18  Supply Depot  
  14  0:37  Refinery  
  14  0:41  Barracks  
  14  1:03  Supply Depot  
  14  1:12  Refinery  
  14  1:28  SCV  
  14  1:29  Marine  
  16  1:40  SCV  
  17  1:52  SCV  
  18  2:03  Marine  
  18  2:05  SCV  
  20  2:17  SCV  
  21  2:29  SCV  
  22  2:38  Marine  
  22  2:41  Orbital Command  
  23  4:41  Marine  
  23  4:42  SCV  
  15  4:54  SCV  
  9  5:06  SCV  
  5  5:10  Marine  
  3  5:18  SCV  
  2  5:30  SCV  
  3  5:38  Marine  
  3  5:42  SCV  
  5  5:59  Factory  
  3  6:09  Command Center  
Tags
 
Add a new tag
Caveats
  • Supply blocks, unpowered buildings, or Contaminate may cause inaccurate times.
  • Supply counts are checked every 10 seconds.